 Dungeon Crawl Stone Soup version 0.29-a0-393-g47a863cc1b (webtiles) character file.

Game seed: 11355960250009057208

2014 flyleaff the Shield-Bearer (level 9, -9/74 HPs)
             Began as a Gnoll Fighter on May 9, 2022.
             Was an Initiate of Ashenzari.
             Mangled by an acid dragon (11 damage)
             ... on level 6 of the Dungeon.
             The game lasted 00:09:28 (6515 turns).

flyleaff the Shield-Bearer (Gnoll Fighter)          Turns: 6515, Time: 00:09:28

Health: -9/74      AC:  7    Str: 17    XL:     9   Next: 22%
Magic:  15/15      EV: 10    Int: 11    God:    Ashenzari [......]
Gold:   288        SH:  5    Dex: 11    Spells: 16/16 levels left

rFire   . . .      SeeInvis .   a - +0 long sword
rCold   . . .      Faith    .   c - +0 buckler
rNeg    . . .      Spirit   .   b - +0 scale mail
rPois   +          Reflect  .   (no helmet)
rElec   .          Harm     .   (no cloak)
rCorr   .          Rampage  .   o - +1 pair of gloves
Will    .....                   x - +0 pair of boots
Stlth   +.........              B - amulet of regeneration
HPRegen 1.02/turn               D - ring of poison resistance
MPRegen 0.14/turn               (no ring)

@: weak-willed, corroded, hasted, very quick
A: fangs 1, strong nose, distributed training
a: Renounce Religion


You were on level 6 of the Dungeon.
You worshipped Ashenzari.
Ashenzari was noncommittal.
You visited 2 branches of the dungeon, and saw 7 of its levels.

You collected 288 gold pieces.

Inventory:

Hand Weapons
 a - a +0 long sword (weapon)
 w - a +2 mace of draining
Missiles
 y - 59 stones
 z - 7 atropa-tipped darts (quivered)
 A - 4 poisoned darts
Armour
 b - a +0 scale mail (worn)
 c - a +0 buckler (worn)
 o - a +1 pair of gloves (worn)
 x - a +0 pair of boots (worn)
Jewellery
 B - an amulet of regeneration (around neck)
 D - a ring of poison resistance (left hand)
Scrolls
 r - a scroll of brand weapon {unknown}
 s - 2 scrolls of fear {unknown}
 u - 2 scrolls of silence {unknown}
 C - a scroll of teleportation {unknown}
Potions
 g - 3 potions of flight
 i - 3 potions of haste
 j - a potion of magic {unknown}
 l - a potion of attraction {unknown}
 p - 3 potions of mutation {unknown}
 t - a potion of brilliance {unknown}
 v - 2 potions of ambrosia {unknown}
 E - a potion of lignification {unknown}
 F - a potion of cancellation {unknown}


   Skills:
 + Level 7.8 Fighting
 + Level 4.0 Short Blades
 + Level 6.2 Long Blades
 + Level 4.0 Axes
 + Level 4.0 Maces & Flails
 + Level 4.0 Polearms
 + Level 4.0 Staves
 + Level 4.0 Slings
 + Level 4.0 Bows
 + Level 4.0 Crossbows
 + Level 4.0 Throwing
 + Level 7.8 Armour
 + Level 4.0 Dodging
 + Level 4.0 Stealth
 + Level 7.8 Shields
 + Level 4.0 Unarmed Combat
 + Level 4.0 Spellcasting
 + Level 3.3 Conjurations
 + Level 3.3 Hexes
 + Level 3.3 Summonings
 + Level 3.3 Necromancy
 + Level 3.3 Translocations
 + Level 3.3 Transmutations
 + Level 3.3 Fire Magic
 + Level 3.3 Ice Magic
 + Level 3.3 Air Magic
 + Level 3.3 Earth Magic
 + Level 3.3 Poison Magic
 + Level 4.4 Invocations
 + Level 4.0 Evocations


You had 16 spell levels left.
You didn't know any spells.
Your spell library contained the following spells:

 Spells                   Type           Power      Damage    Failure   Level
 Apportation              Tloc           18%        N/A       22%         1
 Alistair's Intoxication  Tmut/Pois      6%         N/A       99%         5


Dungeon Overview and Level Annotations

Branches:
Dungeon (6/15)             Temple (1/1) D:5

Altars:
Ashenzari
Cheibriados
Elyvilon
Gozag
Hepliaklqana
Nemelex Xobeh
Okawaru
Sif Muna
Trog
Uskayaw
Yredelemnul
Zin

Shops:
D:1 !


Innate Abilities, Weirdness & Mutations

You have very sharp teeth.
Your uncanny sense of smell can sniff out nearby items.
Your experience applies equally to all skills.


Message History

The acid dragon is severely wounded.
Something completely misses you. The acid dragon bites you.
* * * LOW HITPOINT WARNING * * *
The acid dragon claws you but does no damage.
This is a scroll of acquirement!
Something appears at your feet! Something hits you but does no damage.
The acid dragon spits acid at you. The splash of acid hits you!
* * * LOW HITPOINT WARNING * * *
The acid corrodes you!
As you read the scroll labelled REPTYG IDEMA, it crumbles to dust.
You hear a loud clanging noise!
It was a scroll of noise.
You hear an angry growl.
You block something's attack. Something hits you.
* * * LOW HITPOINT WARNING * * *
The acid dragon closely misses you.
The acid dragon claws you but does no damage.
The air fills with toxic fumes!
As you read the scroll labelled ZUBROY JUDUCLE, it crumbles to dust.
It was a scroll of poison.
Something hits you.
* * * LOW HITPOINT WARNING * * *
The acid dragon bites you but does no damage.
The acid dragon barely misses you.
Unknown command.
Blink to where?
Press: ? - help, Dir - move target
As you read the scroll labelled HINAECE ZOETIC, it crumbles to dust.
It was a scroll of blinking.
Something hits you but does no damage.
You feel yourself speed up. The acid dragon closely misses you.
The acid dragon claws you.
* * * LOW HITPOINT WARNING * * *
Something hits you!
* * * LOW HITPOINT WARNING * * *
Okay, then.
Okay, then.
As you read the scroll labelled PAUROE KATIS, it crumbles to dust.
Magic quickly surges around you.
It was a scroll of vulnerability.
Something hits you but does no damage. The acid dragon bites you!
You die...

....#..## #.#.###..##
#.....####.####..##
#.........⌠.....##
#.....####§####..##
#.#..###.#§#.###..#
#.#.###.##§##.###.#
#......###§###....#
#######.....##§§§##....#
......'.....#§§§@§#..#.#
#######).§§§§§§§D§§§##.#
.....))).§§§§§§.)§§§§§§#
#######..§§§§§§§########
#....§§§§§§§
#....§§§§§§§
#..).§§§§§§§
#....§§##### #......#


You could see an acid dragon (weak-willed).

Vanquished Creatures
  A hornet (D:6)
  A shadow (D:6)
  A water moccasin (D:5)
  An ice beast (D:6)
  2 ogres (D:5)
  3 centaurs
  A phantom (D:6)
  2 necrophages (D:5)
  3 scorpions
  2 water moccasin zombies (D:5)
  A bullfrog zombie (D:5)
  A human zombie (D:5)
  2 hounds
  A jelly (D:4)
  2 orc priests
  3 iguanas
  3 orc wizards
  4 mummies (D:5)
  2 howler monkey zombies (D:5)
  4 gnolls (D:2)
  5 adders
  An ufetubus (D:5)
  A dart slug (D:1)
  7 orcs
  6 ball pythons
  2 endoplasms (D:2)
  A giant cockroach (D:3)
  2 goblins
  2 hobgoblins (D:3)
  6 jackals
  5 kobolds
  3 quokkas
  4 bats
  4 frilled lizards
  2 rats
91 creatures vanquished.

Notes
Turn   | Place    | Note
-------+----------+-------------------------------------------
     0 | D:1      | flyleaff the Gnoll Fighter began the quest for the Orb.
     0 | D:1      | Reached XP level 1. HP: 23/23 MP: 1/1
   176 | D:1      | Reached XP level 2. HP: 23/29 MP: 2/2
   310 | D:1      | Found Damuirpho's Distillery.
   997 | D:2      | Reached XP level 3. HP: 29/35 MP: 3/3
  1006 | D:2      | Reached skill level 1 in Invocations
  1010 | D:2      | Reached skill level 1 in Short Blades
  1010 | D:2      | Reached skill level 1 in Axes
  1010 | D:2      | Reached skill level 1 in Maces & Flails
  1010 | D:2      | Reached skill level 1 in Polearms
  1010 | D:2      | Reached skill level 1 in Staves
  1010 | D:2      | Reached skill level 1 in Slings
  1010 | D:2      | Reached skill level 1 in Bows
  1010 | D:2      | Reached skill level 1 in Crossbows
  1010 | D:2      | Reached skill level 1 in Throwing
  1010 | D:2      | Reached skill level 1 in Dodging
  1010 | D:2      | Reached skill level 1 in Stealth
  1010 | D:2      | Reached skill level 1 in Unarmed Combat
  1010 | D:2      | Reached skill level 1 in Spellcasting
  1010 | D:2      | Reached skill level 1 in Evocations
  1327 | D:2      | Reached XP level 4. HP: 41/41 MP: 5/5
  2027 | D:3      | Reached skill level 1 in Conjurations
  2027 | D:3      | Reached skill level 1 in Hexes
  2027 | D:3      | Reached skill level 1 in Summonings
  2027 | D:3      | Reached skill level 1 in Necromancy
  2027 | D:3      | Reached skill level 1 in Translocations
  2027 | D:3      | Reached skill level 1 in Transmutations
  2027 | D:3      | Reached skill level 1 in Fire Magic
  2027 | D:3      | Reached skill level 1 in Ice Magic
  2027 | D:3      | Reached skill level 1 in Air Magic
  2027 | D:3      | Reached skill level 1 in Earth Magic
  2027 | D:3      | Reached skill level 1 in Poison Magic
  2079 | D:3      | You fall into a shaft and drop 1 floor!
  2129 | D:4      | Reached XP level 5. HP: 38/47 MP: 5/7
  3104 | D:5      | Entered Level 5 of the Dungeon
  3122 | D:5      | Noticed a centaur
  3133 | D:5      | Killed a centaur
  3134 | D:5      | Reached skill level 5 in Long Blades
  3134 | D:5      | Reached XP level 6. HP: 37/53 MP: 8/8
  3577 | D:5      | Reached XP level 7. HP: 44/59 MP: 10/10
  3944 | D:5      | Found a basalt altar of Yredelemnul.
  4831 | D:5      | Found an opulent altar of Gozag.
  4885 | D:5      | Reached XP level 8. HP: 61/67 MP: 12/12
  4925 | D:5      | Found a staircase to the Ecumenical Temple.
  4948 | Temple   | Entered the Ecumenical Temple
  5171 | Temple   | Became a worshipper of Ashenzari the Shackled
  5956 | D:5      | Found a bloodstained altar of Trog.
  6347 | D:6      | Noticed a shadow
  6375 | D:6      | Killed a shadow
  6376 | D:6      | Reached XP level 9. HP: 13/73 MP: 14/14
  6458 | D:6      | Noticed a hornet
  6463 | D:6      | Killed a hornet
  6503 | D:6      | HP: 1/74 [acid dragon/splash of acid (20)]
  6510 | D:6      | Identified a scroll of acquirement
  6510 | D:6      | Acquired the +2 eveningstar of Reapportionment {flame,
                  | *Slow rN+ Int+6}
  6514 | D:6      | HP: 1/74 [something (8)]
  6515 | D:6      | Mangled by an acid dragon

Illustrated notes

Levels and vault maps discovered:
D:1:      lightli_arrival_isolated_outpost, layout_basic, serial_shops,
          nicolae_shop_waterfront, kennysheep_nondescript
D:2:      layout_basic, kennysheep_donut
D:3:      layout_basic, overflow_temple_1_default, tso_oasis_becter,
          ebering_ecumenical_altar_abandoned, chequers_serial_rivers_micro_e,
          st_stairs_5, minmay_quadrilaterals
D:4:      layout_basic, minmay_misc_feat_ornament
D:5:      layout_layer_cave, kennysheep_mini,
          lemuel_mausoleum_altar_yredelemnul, mainiacjoe_overflow_alcove_1,
          minmay_temple_entry_purple_smoke
D:6:      layout_basic, mainiacjoe_overflow_catwalk, glass_columns_b,
          serial_park_tiny_pond, kb_rosetta
Temple:   nicolae_temple_figure_zero

Skill      XL: |  1  2  3  4  5  6  7  8  9 |
---------------+----------------------------+-----
Invocations    | 1 2 3 4 |  4.4
Short Blades   | 1 2 3 4 |  4.0
Axes           | 1 2 3 4 |  4.0
Maces & Flails | 1 2 3 4 |  4.0
Polearms       | 1 2 3 4 |  4.0
Staves         | 1 2 3 4 |  4.0
Slings         | 1 2 3 4 |  4.0
Bows           | 1 2 3 4 |  4.0
Crossbows      | 1 2 3 4 |  4.0
Throwing       | 1 2 3 4 |  4.0
Dodging        | 1 2 3 4 |  4.0
Stealth        | 1 2 3 4 |  4.0
Unarmed Combat | 1 2 3 4 |  4.0
Spellcasting   | 1 2 3 4 |  4.0
Evocations     | 1 2 3 4 |  4.0
Conjurations   | 1 2 3 |  3.3
Hexes          | 1 2 3 |  3.3
Summonings     | 1 2 3 |  3.3
Necromancy     | 1 2 3 |  3.3
Translocations | 1 2 3 |  3.3
Transmutations | 1 2 3 |  3.3
Fire Magic     | 1 2 3 |  3.3
Ice Magic      | 1 2 3 |  3.3
Air Magic      | 1 2 3 |  3.3
Earth Magic    | 1 2 3 |  3.3
Poison Magic   | 1 2 3 |  3.3
Long Blades    | 5 6 |  6.2
Fighting       | 7 |  7.8
Armour         | 7 |  7.8
Shields        | 7 |  7.8

Action                   |  1- 3 |  4- 6 |  7- 9 || total
-------------------------+-------+-------+-------++-------
Melee: Long sword        |    61 |   169 |   336 ||   566
       Bite              |     8 |    10 |    36 ||    54
  Use: Potion            |     1 |       |     9 ||    10
       Scroll            |       |     1 |    11 ||    12
Armor: Scale mail        |    27 |   104 |   192 ||   323
Dodge: Dodged            |    36 |    72 |   150 ||   258
Block: Buckler           |    22 |    39 |    87 ||   148

Table legend: (Time is in decaauts)
 A = Elapsed time spent in this place.
 B = Non-inter-level travel time spent in this place.
 C = Inter-level travel time spent in this place.
 D = Time resting spent in this place.
 E = Time spent auto-exploring this place.
 F = Levels seen in this place.
 G = Mean time per level.
                   A        B        C        D        E       F      G
               +--------+--------+--------+--------+--------+-----+--------+
         Total |   6602 |   6340 |    262 |      0 |   5268 |   7 |  943.1 |
       Dungeon |   6369 |   6116 |    253 |      0 |   5050 |   6 | 1061.5 |
        Temple |    233 |    224 |      9 |      0 |    218 |   1 |  233.0 |
               +--------+--------+--------+--------+--------+-----+--------+

Top non-repeatable levels by time:
     D:5: 2876 daAuts
     D:2: 1189 daAuts
     D:4: 1041 daAuts
     D:1: 744 daAuts
     D:6: 345 daAuts
  Temple: 233 daAuts
     D:3: 171 daAuts
